 Dungeon Crawl Stone Soup version 0.31-a0-692-gf03d1854d5 (webtiles) character file.

Game seed: 6826178572485833519

91 GordonOverkill the Trooper (level 4, 0/48 HPs)
             Began as an Ogre Delver on Sept 7, 2023.
             Was a Priest of Uskayaw.
             Slain by an elf zombie (4 damage)
             ... in an ossuary.
             The game lasted 00:01:48 (522 turns).

GordonOverkill the Trooper (Ogre Delver)             Turns: 522, Time: 00:01:49

Health: 0/48       AC:  3    Str: 18    XL:     4   Next: 57%
Magic:  4/4        EV:  9    Int: 11    God:    Uskayaw [***...]
Gold:   0          SH:  0    Dex: 10    Spells: 3/3 levels left

rFire   . . .        a - +0 hand axe
rCold   . . .        (no shield)
rNeg    . . .        b - +0 robe
rPois   .            (helmet restricted)
rElec   .            (no cloak)
rCorr   .            (gloves unavailable)
SInv    .            (boots unavailable)
Will    .....        (no amulet)
Stlth   ++           (no ring)
HPRegen 0.28/turn    (no ring)
MPRegen 0.09/turn

%: no passive effects
@: hasted, very quick
A: large, unfitting armour, tough skin 1
a: Renounce Religion, Stomp, Line Pass


You were in an ossuary.
You worshipped Uskayaw.
Uskayaw was noncommittal.
You visited 1 branch of the dungeon, and saw 3 of its levels.
You also visited: Ossuary.

Inventory:

Hand Weapons
 a - a +0 hand axe (weapon)
 h - a +0 short sword of venom
Armour
 b - a +0 robe (worn)
Wands
 g - a wand of digging (3)
Scrolls
 c - a scroll of fog
 d - a scroll of revelation
 e - a scroll of fear


   Skills:
 - Level 4.0 Fighting
 - Level 2.0 Short Blades
 + Level 3.9 Axes
 - Level 1.7 Dodging
 - Level 3.7 Stealth


You had 3 spell levels left.
You didn't know any spells.
Your spell library was empty.

Dungeon Overview and Level Annotations

Branches:
Dungeon (7/15)            Ossuary (1/1)
 Temple: D:4-7

Altars:
Uskayaw

Annotations:
D:7 Jeremiah


Innate Abilities, Weirdness & Mutations

You are too large for most types of armour.
You have tough skin. (AC +1)


Message History

You hit the elf zombie. You barely miss the quokka zombie.
The quokka zombie closely misses you.
You hit the mummy.
The mummy is heavily damaged.
You hit the elf zombie. You barely miss the quokka zombie.
The elf zombie hits you.
* * * LOW HITPOINT WARNING * * *
The mummy hits you but does no damage. The quokka zombie bites you.
* * * LOW HITPOINT WARNING * * *
Uskayaw will force your foes to helplessly watch your dance.
Uskayaw prepares the audience for your solo!
The helpless mummy fails to defend itself.
You hit the mummy.
The mummy is severely damaged.
The helpless elf zombie fails to defend itself.
You hit the elf zombie.
The helpless quokka zombie fails to defend itself.
You hit the quokka zombie.
The kobold zombie is no longer paralysed.
The elf zombie is no longer paralysed.
The mummy is no longer paralysed. x2
The quokka zombie is no longer paralysed.
The elf zombie hits you but does no damage.
You hit the mummy but do no damage.
The mummy is severely damaged.
You closely miss the elf zombie. You hit the quokka zombie.
The quokka zombie bites you but does no damage.
You hit the mummy.
The mummy is lightly damaged.
You closely miss the elf zombie. You hit the quokka zombie.
You barely miss the mummy. The elf zombie closely misses you.
The quokka zombie barely misses you.
You hit the mummy.
The mummy is moderately damaged.
You hit the quokka zombie. You hit the mummy but do no damage.
You hit the elf zombie. The mummy hits you!
* * * LOW HITPOINT WARNING * * *
The quokka zombie barely misses you. The mummy hits you!
* * * LOW HITPOINT WARNING * * *
The elf zombie hits you.
You die...

# ###
#.###.########..#
.....ZZ@#...M..##
......ZMM.∩.∩...#
........#......##
#.###.########..#
# ## ###


You could see 2 mummies, a quokka zombie, a kobold zombie and an elf zombie.

Vanquished Creatures
  A howler monkey (D:6)
  2 sleepcaps
  An adder zombie (Ossuary)
4 creatures vanquished.

Notes
Turn   | Place    | Note
-------+----------+-------------------------------------------
     0 | D:5      | GordonOverkill the Ogre Delver began the quest for the Orb.
     0 | D:5      | Reached XP level 1. HP: 24/24 MP: 1/1
     1 | D:6      | Noticed an iguana
     9 | D:5      | Became a worshipper of Uskayaw the Reveller
    72 | D:5      | Noticed a sleepcap
    83 | D:5      | Reached * piety under Uskayaw
    89 | D:5      | Killed a sleepcap
    90 | D:5      | Reached XP level 2. HP: 7/32 MP: 2/2
    90 | D:5      | Reached XP level 3. HP: 8/39 MP: 3/3
   393 | D:7      | Noticed Jeremiah
   448 | D:6      | Reached XP level 4. HP: 40/48 MP: 4/4
   491 | D:5      | Found a sand-covered staircase.
   497 | D:5      | Noticed a centaur
   500 | Ossuary  | Entered an ossuary
   512 | Ossuary  | Reached ** piety under Uskayaw
   518 | Ossuary  | Reached *** piety under Uskayaw
   522 | Ossuary  | Slain by an elf zombie

Illustrated notes

Levels and vault maps discovered:
D:5:      layout_basic, mainiacjoe_overflow_tiny_flanked, enter_ossuary_1,
          uniq_eustachio, uniq_pikel
D:6:      layout_loops_ring, mainiacjoe_overflow_catwalk,
          nicolae_hepliaklqana_hippocampus, nicolae_benzene_ring
D:7:      layout_loops_ring, uniq_jeremiah, uniq_joseph
Ossuary:  ossuary_minmay_chase

Skill      XL: |  1  2  3 |
---------------+----------+-----
Short Blades   | 2 |  2.0
Axes           | 3 |  3.9
Fighting       | |  4.0
Dodging        | |  1.7
Stealth        | |  3.7

Action                     |  1- 3 |  4- 6 || total
---------------------------+-------+-------++-------
  Melee: Short sword       |    16 |       ||    16
         Hand axe          |       |    14 ||    14
    Use: Potion            |       |     1 ||     1
   Stab: Sleeping          |     2 |       ||     2
         Paralysed         |       |     3 ||     3
 Armour: Robe              |    11 |    18 ||    29
  Dodge: Dodged            |     8 |    17 ||    25

Table legend: (Time is in decaauts)
 A = Elapsed time spent in this place.
 B = Non-inter-level travel time spent in this place.
 C = Inter-level travel time spent in this place.
 D = Time resting spent in this place.
 E = Time spent auto-exploring this place.
 F = Levels seen in this place.
 G = Mean time per level.
                   A        B        C        D        E       F      G
               +--------+--------+--------+--------+--------+-----+--------+
         Total |    520 |    428 |     92 |    183 |      0 |   4 |  130.0 |
       Dungeon |    500 |    408 |     92 |    183 |      0 |   3 |  166.7 |
       Ossuary |     20 |     20 |      0 |      0 |      0 |   1 |   20.0 |
               +--------+--------+--------+--------+--------+-----+--------+

Top non-repeatable levels by time:
     D:5: 404 daAuts
     D:6: 86 daAuts
 Ossuary: 20 daAuts
     D:7: 9 daAuts
